 Dungeon Crawl Stone Soup version 0.30-a0-920-g7493c07aab (webtiles) character file.

Game seed: 6531680819520326630

1108 cforsyth the Trooper (level 8, -6/67 HPs)
             Began as a Human Fighter on Mar 22, 2023.
             Mangled by a kobold
             ... wielding a +1 dagger of electrocution
              (15 damage)
             ... on level 6 of the Dungeon.
             The game lasted 00:05:40 (5789 turns).

cforsyth the Trooper (Human Fighter)                Turns: 5789, Time: 00:05:41

Health: -6/67      AC: 13    Str: 16 (18) XL:     8   Next: 59%
Magic:  8/8        EV:  9    Int:  9 (10) God:
Gold:   265        SH:  0    Dex: 11 (12) Spells: 7/7 levels left

rFire   . . .      SeeInvis .    d - +4 dire flail (protect)
rCold   . . .      Faith    .    (shield currently unavailable)
rNeg    . . .      Spirit   .    b - +0 scale mail
rPois   .          Reflect  .    (no helmet)
rElec   .          Rampage  .    f - scarf {shadows}
rCorr   .                        (no gloves)
Will    +....                    (no boots) Stlth
                                 (no amulet)
HPRegen 0.31/turn                o - ring of willpower
MPRegen 0.11/turn                (no ring)

@: under a protective aura
A: no striking features
a: no special abilities


You were on level 6 of the Dungeon.
You visited 1 branch of the dungeon, and saw 6 of its levels.

You collected 265 gold pieces.

Inventory:

Hand Weapons
 a - a +0 flail
 d - a +4 dire flail of protection (weapon)
Armour
 b - a +0 scale mail (worn)
 c - a +1 buckler
 f - a scarf of shadows (worn)
Jewellery
 o - a ring of willpower (left hand)
Wands
 i - a wand of acid (5)
Scrolls
 m - a scroll of fear {unknown}
 r - 2 scrolls of immolation
 s - a scroll of poison
 u - 2 scrolls of enchant armour
 w - a scroll of enchant weapon {unknown}
 x - a scroll of noise {unknown}
 y - a scroll of magic mapping {unknown}
 z - 2 scrolls of teleportation {unknown}
Potions
 e - 4 potions of mutation
 g - 2 potions of haste
 h - a potion of cancellation {unknown}
 j - a potion of flight {unknown}
 k - 2 potions of resistance
 l - a potion of lignification {unknown}
 n - 2 potions of brilliance {unknown}
 p - a potion of curing {unknown}
 q - 2 potions of degeneration
 t - 3 potions of heal wounds
 v - a potion of magic {unknown}


   Skills:
 + Level 7.4 Fighting
 + Level 7.0 Maces & Flails
 - Level 3.0 Armour
 - Level 3.0 Shields


You had 7 spell levels left.
You didn't know any spells.
Your spell library contained the following spells:

 Spells                   Type           Power      Damage    Failure   Level
 Summon Small Mammal      Summ           0%         N/A       82%         1
 Blink                    Tloc           0%         N/A       91%         2
 Ensorcelled Hibernation  Hex/Ice        0%         N/A       91%         2
 Momentum Strike          Conj/Tloc      0%         3d8       91%         2
 Passwall                 Tmut/Erth      0%         N/A       91%         2
 Poisonous Vapours        Pois/Air       0%         N/A       91%         2
 Call Canine Familiar     Summ           0%         N/A       99%         3
 Ignite Poison            Fire/Tmut/Pois 0%         N/A       99%         3
 Summon Guardian Golem    Hex/Summ       0%         N/A       99%         3
 Swiftness                Air            0%         N/A       99%         3
 Petrify                  Tmut/Erth      0%         N/A       100%        4
 Sticky Flame             Conj/Fire      0%         2d3       100%        4
 Alistair's Intoxication  Tmut/Pois      0%         N/A       100%        5
 Metabolic Englaciation   Hex/Ice        0%         N/A       100%        5
 Statue Form              Tmut/Erth      0%         N/A       100%        6
 Ignition                 Fire           0%         3d3       100%        8


Dungeon Overview and Level Annotations

Branches:
Dungeon (6/15)
 Temple: D:4-7

Altars:
Kikubaaqudgha
Uskayaw
Yredelemnul
Zin

Shops:
D:1 ([

Annotations:
D:3 1 runed translucent door, oldplebian's ghost, weakling HOCA
D:4 4 transporters, Menkaure; jimonade's ghost, amateur DjWr
D:5 3 runed translucent doors, pyrography25's ghost, novice MiFi


Message History

The sleepcap releases spores at you but does no damage.
You are too injured to fight recklessly!
You are too injured to fight recklessly!
You are too injured to fight recklessly!
You are too injured to fight recklessly!
You are too injured to fight recklessly!
You are too injured to fight recklessly!
You are too injured to fight recklessly!
You are too injured to fight recklessly!
You are too injured to fight recklessly!
You are too injured to fight recklessly!
You are too injured to fight recklessly!
You are too injured to fight recklessly!
You sock the sleepcap!
The sleepcap is severely damaged.
You hit the sleepcap.
The sleepcap is almost destroyed.
The kobold hits you but does no damage. The kobold closely misses you.
The sleepcap releases spores at you but does no damage.
You puncture the sleepcap!
You destroy the sleepcap!
The kobold hits you but does no damage. x2
Your Maces & Flails skill increases to level 7!
Unknown command.
You barely miss the kobold. The kobold hits you but does no damage.
The kobold closely misses you.
You miss the kobold.
The kobold hits you with a +1 dagger of electrocution.
You are electrocuted!
* * * LOW HITPOINT WARNING * * *
The kobold hits you with a +0 club.
* * * LOW HITPOINT WARNING * * *
You sock the kobold!
You kill the kobold!
The kobold barely misses you.
You miss the kobold.
The kobold hits you with a +1 dagger of electrocution.
* * * LOW HITPOINT WARNING * * *
You are electrocuted!
You die...

.. ..... ###
.......###.## ###
.......##...###.###
.......#.........#
...............##
#.........#..####
##...)##..#...#.##
#@K......##.....#
.....))...##....#....##
.............##...#...#
.................##...#
......?.#.#...#......##
........###...#......>.
......... ...........
......##....
..........>#.


You could see a kobold.

Vanquished Creatures
  Edmund (D:5)
  2 ice beasts (D:5)
  A black bear (D:4)
  A centaur (D:6)
  A kobold brigand (D:6)
  2 jellies (D:4)
  3 hounds
  3 sleepcaps
  5 iguanas
  3 gnolls (D:2)
  9 adders
  An ufetubus (D:3)
  2 worms (D:2)
  2 dart slugs (D:1)
  5 orcs
  3 endoplasms
  3 giant cockroaches
  7 hobgoblins
  6 jackals
  3 quokkas
  6 ball pythons
  7 bats
  3 frilled lizards
  5 goblins
  8 kobolds
  6 rats
98 creatures vanquished.

Vanquished Creatures (others)
  6 plants (D:4)
  A withered plant (D:3)
7 creatures vanquished.

Grand Total: 105 creatures vanquished

Notes
Turn   | Place    | Note
-------+----------+-------------------------------------------
     0 | D:1      | cforsyth the Human Fighter began the quest for the Orb.
     0 | D:1      | Reached XP level 1. HP: 18/18 MP: 1/1
   106 | D:1      | Found Duwnil's Weapon Shoppe.
   154 | D:1      | Reached XP level 2. HP: 21/24 MP: 2/2
   206 | D:1      | Found Wieho's Antique Armour Boutique.
   377 | D:1      | Reached XP level 3. HP: 29/29 MP: 3/3
  1637 | D:2      | Reached XP level 4. HP: 37/37 MP: 4/4
  2250 | D:3      | Found a faded altar of an unknown god.
  2292 | D:3      | Reached XP level 5. HP: 17/42 MP: 5/5
  2453 | D:3      | Noticed a +0 dagger
  2454 | D:3      | Noticed a +0 hand axe
  2455 | D:3      | Found a hide-covered altar of Uskayaw.
  2690 | D:3      | Found a runed translucent door.
  2690 | D:3      | Noticed oldplebian's ghost (weakling HOCA)
  2986 | D:4      | Found a transporter.
  3047 | D:4      | Reached skill level 5 in Fighting
  3047 | D:4      | Reached XP level 6. HP: 23/51 MP: 6/6
  3163 | D:4      | Found a transporter.
  3221 | D:4      | Found an ancient bone altar of Kikubaaqudgha.
  3257 | D:4      | Noticed Menkaure
  3262 | D:4      | Found a basalt altar of Yredelemnul.
  3305 | D:4      | Noticed a black bear
  3317 | D:4      | Killed a black bear
  3381 | D:4      | Found a transporter.
  3484 | D:4      | Reached skill level 5 in Maces & Flails
  3484 | D:4      | Reached XP level 7. HP: 45/56 MP: 7/7
  3666 | D:4      | Found a transporter.
  3845 | D:4      | Noticed jimonade's ghost (amateur DjWr)
  3896 | D:5      | Entered Level 5 of the Dungeon
  4185 | D:5      | Found a runed translucent gate.
  4186 | D:5      | Found a runed translucent gate.
  4559 | D:5      | Found a runed translucent gate.
  4562 | D:5      | Noticed pyrography25's ghost (novice MiFi)
  4603 | D:5      | Reached XP level 8. HP: 46/65 MP: 8/8
  5084 | D:5      | Noticed Edmund
  5104 | D:5      | Killed Edmund
  5420 | D:5      | Identified the +6 mace of Karma {flame, Fly rF+ Dex-2}
  5520 | D:5      | Found a glowing silver altar of Zin.
  5770 | D:6      | Got the Secrets of Nocuous Spooky Action
  5789 | D:6      | Mangled by a kobold

Illustrated notes

Levels and vault maps discovered:
D:1:      evilmike_arrival_plus, layout_loops_ring, serial_shops,
          nicolae_shop_advertising_works [nicolae_subvault_shop_adworks], shop,
          grunt_decor_one_mirror, minivault_27, minmay_tiny_reverse_x
D:2:      layout_basic
D:3:      layout_basic, dancing_weapons_uskayaw,
          chequers_ecumenical_altar_simple, gammafunk_ghost_grave
D:4:      layout_basic, gammafunk_temple_of_torment,
          gammafunk_ghost_gnarly_gnolls, hangedman_decor_push
D:5:      layout_basic, zin_scriptorium, gammafunk_ghost_necromancy, uniq_edmund
D:6:      layout_cave_pools, minmay_temple_entry_stoned_glass

Skill      XL: |  1  2  3  4  5  6  7  8 |
---------------+-------------------------+-----
Maces & Flails | 3 4 5 6 7 |  7.0
Fighting       | 4 5 6 7 |  7.4
Armour         | |  3.0
Shields        | |  3.0

Action                     |  1- 3 |  4- 6 |  7- 9 || total
---------------------------+-------+-------+-------++-------
  Melee: Flail             |   109 |   167 |    82 ||   358
         Dire flail        |       |       |    27 ||    27
    Use: Potion            |       |     2 |     3 ||     5
         Scroll            |       |       |     5 ||     5
 Armour: Scale mail        |    68 |   107 |    52 ||   227
  Dodge: Dodged            |    50 |   107 |    44 ||   201
  Block: Buckler           |    32 |    55 |    17 ||   104

Table legend: (Time is in decaauts)
 A = Elapsed time spent in this place.
 B = Non-inter-level travel time spent in this place.
 C = Inter-level travel time spent in this place.
 D = Time resting spent in this place.
 E = Time spent auto-exploring this place.
 F = Levels seen in this place.
 G = Mean time per level.
                   A        B        C        D        E       F      G
               +--------+--------+--------+--------+--------+-----+--------+
         Total |   5855 |   5711 |    144 |    298 |   4560 |   6 |  975.8 |
       Dungeon |   5855 |   5711 |    144 |    298 |   4560 |   6 |  975.8 |
               +--------+--------+--------+--------+--------+-----+--------+

Top non-repeatable levels by time:
     D:5: 1699 daAuts
     D:2: 1343 daAuts
     D:4: 1005 daAuts
     D:1: 918 daAuts
     D:3: 689 daAuts
     D:6: 200 daAuts
